 Dungeon Crawl Stone Soup version 0.26.1-11-gd32895ea62 (webtiles) character file.

Game seed: 10113951098275428629

4284 nothank2 the Carver (level 10, -10/76 HPs)
             Began as a Formicid Fighter on July 14, 2021.
             Was an Elder of the Shining One.
             Mangled by a sixfirhy (11 damage)
             ... on level 2 of the Abyss.
             The game lasted 00:16:33 (7062 turns).

nothank2 the Carver (Formicid Fighter)              Turns: 7062, Time: 00:16:34

Health: -10/76     AC: 13    Str: 23    XL:     10   Next: 57%
Magic:  10/10      EV:  6    Int:  9    God:    the Shining One [****..]
Gold:   499        SH: 10    Dex: 10    Spells: 9/9 levels left

rFire    . . .     SeeInvis +   F - +3 long sword
rCold    . . .     Faith    .   c - +0 kite shield
rNeg     + + +     Spirit   .   E - +0 plate armour
rPois    .         Reflect  .   (helmet unavailable)
rElec    .         Harm     .   u - scarf {repulsion}
rCorr    +         Rampage  .   (no gloves)
Will     +....                  (no boots)
Stlth    ..........             s - amulet of regeneration
HPRegen  0.62/turn              w - ring of resist corrosion
MPRegen  0.12/turn              m - ring of positive energy

@: glowing, repel missiles
A: permanent stasis, dig shafts and tunnels, four strong arms, antennae 3
a: Dig, Shaft Self, Renounce Religion, Divine Shield, Cleansing Flame


You were on level 2 of the Abyss.
You worshipped the Shining One.
The Shining One was greatly pleased with you.
You visited 1 branch of the dungeon, and saw 8 of its levels.
You visited the Abyss 1 time.

You collected 499 gold pieces.

Inventory:

Hand Weapons
 a - a +0 long sword
 C - a cursed +0 whip
 F - a +3 long sword (weapon)
 J - a cursed +3 scimitar
 K - a +3 mace
Missiles
 y - 11 poisoned darts (quivered)
Armour
 b - a +0 scale mail
 c - a +0 kite shield (worn)
 p - a +0 cloak
 u - a scarf of repulsion (worn)
 E - a +0 plate armour (worn)
Jewellery
 m - a ring of positive energy (right hand)
 s - an amulet of regeneration (around neck)
 t - an uncursed ring of fire
 w - a ring of resist corrosion (left hand)
 A - an uncursed ring of see invisible
 M - a +6 ring of intelligence {unknown}
Wands
 H - a wand of flame (11)
 L - a wand of disintegration (12)
Scrolls
 g - 4 scrolls of enchant armour {unknown}
 j - 8 scrolls of identify {unknown}
 n - 3 scrolls of enchant weapon {unknown}
 o - 7 scrolls of teleportation {unknown}
 r - 2 scrolls of random uselessness {unknown}
 v - 2 scrolls of immolation {unknown}
 x - 2 scrolls of remove curse {unknown}
 z - 2 scrolls of amnesia {unknown}
 G - a scroll of blinking {unknown}
Potions
 d - a potion of might
 e - a potion of mutation {unknown}
 f - a potion of degeneration {unknown}
 h - 3 potions of curing {unknown}
 i - 3 potions of attraction {unknown}
 k - 7 potions of haste {unknown}
 l - 2 potions of heal wounds {unknown}
 q - 2 potions of brilliance {unknown}
 B - 2 potions of lignification {unknown}
 D - a potion of magic {unknown}
 I - a potion of flight {unknown}


   Skills:
 - Level 6.0 Fighting
 * Level 11.1 Long Blades
 + Level 8.5 Armour
 - Level 0.4 Dodging
 - Level 1.1 Stealth
 - Level 6.3 Shields


You had 9 spell levels left.
You didn't know any spells.
Your spell library contained the following spells:

 Spells                   Type           Power        Failure   Level
 Foxfire                  Conj/Fire      0%           100%        1
 Confusing Touch          Hex            0%           100%        3
 Conjure Flame            Conj/Fire      0%           100%        3
 Gell's Gravitas          Tloc           0%           100%        3
 Inner Flame              Hex/Fire       0%           100%        3
 Petrify                  Tmut/Erth      0%           100%        4
 Sticky Flame             Conj/Fire      0%           100%        4
 Fireball                 Conj/Fire      0%           100%        5
 Metabolic Englaciation   Hex/Ice        0%           100%        5
 Yara's Violent Unravell  Hex/Tmut       0%           100%        5


Dungeon Overview and Level Annotations

Branches:
Dungeon (8/15)             Temple (0/1) D:4
   Lair: D:8-11

Altars:
Dithmenos
Elyvilon
Fedhas
Qazlal
Xom
The Shining One

Annotations:
D:4 2 transporters, bigdumb's ghost, amateur TrBe
D:7 Harold
D:8 1 runed translucent door, Klatu's ghost, novice DrTm


Innate Abilities, Weirdness & Mutations

You cannot be hasted, slowed, berserked, paralysed or teleported.
You can dig through walls and to a lower floor.
Your four strong arms can wield two-handed weapons with a shield.
You have a pair of large antennae on your head. (SInv)


Message History

The smoke demon roars!
A small abomination comes into view.
The small abomination hits you!
* * * LOW HITPOINT WARNING * * *
A bone dragon comes into view.
You can now channel blasts of cleansing flame.
You see here 20 gold pieces.
A sixfirhy comes into view.
Found a gateway leading deeper into the Abyss.
Found a hand axe.
You block the sixfirhy's attack.
A small abomination comes into view.
The sixfirhy hits you.
* * * LOW HITPOINT WARNING * * *
The sixfirhy shocks you!
* * * LOW HITPOINT WARNING * * *
You block the sixfirhy's attack. The sixfirhy hits you.
* * * LOW HITPOINT WARNING * * *
The sixfirhy shocks you!
You die...

# . ###..#.D##
...# 3........{#
.#.# #.#...#.3# #
#.......{# # .. .
.# #####...x# .#
.. #.#
......)#.###.#.#
#..
..............#
..#
....###.##3.#...#
#.# ###......@..#
. #.........#
#.........#
#.x.......#
#..........
#..........#
#.........##
#.........#


You could see a sixfirhy and a small abomination.

Vanquished Creatures
  Erica (D:7)
  Edmund (D:5)
  5 ice beasts
  A black bear (D:6)
  A necrophage (D:8)
  A sky beast (D:8)
  3 ogres
  6 centaurs
  2 big kobolds
  3 bullfrogs
  A gnoll sergeant (D:8)
  A wyvern skeleton (D:7)
  2 scorpions
  18 wights
  A howler monkey (D:4)
  An electric eel (D:8)
  6 hounds
  A jelly (D:6)
  An iguana (D:7)
  3 orc wizards
  2 worker ants (D:8)
  12 adders
  9 gnolls
  A howler monkey skeleton (D:7)
  A shadow imp (D:5)
  An adder zombie (D:5)
  4 worms (D:2)
  A dart slug (D:2)
  6 leopard geckos
  21 orcs
  5 giant cockroaches
  15 goblins
  12 hobgoblins
  2 jackals (D:3)
  4 quokkas
  2 ball pythons
  2 bats
  8 frilled lizards
  14 kobolds
  A leopard gecko skeleton (D:4)
  A quokka zombie (D:8)
  5 rats
188 creatures vanquished.

Vanquished Creatures (others)
  A kobold (D:8)
  A fungus (D:8)
  4 plants (D:8)
6 creatures vanquished.

Grand Total: 194 creatures vanquished

Notes
Turn   | Place    | Note
-------+----------+-------------------------------------------
     0 | D:1      | nothank2 the Formicid Fighter began the quest for the Orb.
     0 | D:1      | Reached XP level 1. HP: 18/18 MP: 1/1
   238 | D:1      | Reached XP level 2. HP: 24/24 MP: 2/2
   700 | D:2      | Reached skill level 3 in Long Blades
   704 | D:2      | Reached XP level 3. HP: 8/29 MP: 3/3
  1195 | D:2      | Found a glowing golden altar of the Shining One.
  1201 | D:2      | Became a worshipper of the Shining One
  1414 | D:2      | Reached XP level 4. HP: 36/36 MP: 4/4
  1490 | D:2      | Reached skill level 4 in Long Blades
  2001 | D:3      | Found a blossoming altar of Fedhas.
  2009 | D:3      | Found a stormy altar of Qazlal.
  2239 | D:3      | Reached XP level 5. HP: 42/42 MP: 5/5
  2515 | D:3      | Reached * piety under the Shining One
  2709 | D:4      | Reached skill level 1 in Stealth
  2709 | D:4      | Found a transporter.
  2772 | D:4      | Reached skill level 5 in Long Blades
  2772 | D:4      | Reached XP level 6. HP: 46/48 MP: 6/6
  2840 | D:4      | Noticed an ogre
  2849 | D:4      | Killed an ogre
  2921 | D:4      | Found a transporter.
  2925 | D:4      | Noticed bigdumb's ghost (amateur TrBe)
  3279 | D:4      | Reached XP level 7. HP: 55/55 MP: 7/7
  3450 | D:4      | Found a staircase to the Ecumenical Temple.
  3788 | D:5      | Entered Level 5 of the Dungeon
  3869 | D:5      | Noticed Edmund
  3886 | D:5      | Reached skill level 6 in Long Blades
  3897 | D:5      | Killed Edmund
  3898 | D:5      | Reached skill level 5 in Shields
  3898 | D:5      | Reached XP level 8. HP: 40/61 MP: 8/8
  4022 | D:5      | Reached skill level 5 in Fighting
  4267 | D:5      | Reached skill level 7 in Long Blades
  4267 | D:5      | Reached skill level 5 in Armour
  4695 | D:6      | Found a shadowy altar of Dithmenos.
  4722 | D:6      | Reached ** piety under the Shining One
  4748 | D:6      | Reached XP level 9. HP: 58/69 MP: 9/9
  5661 | D:7      | Reached skill level 8 in Long Blades
  5748 | D:7      | Found a shimmering altar of Xom.
  5909 | D:7      | Found a white marble altar of Elyvilon.
  5942 | D:7      | Reached skill level 9 in Long Blades
  6047 | D:7      | Found a shimmering altar of Xom.
  6092 | D:7      | Reached *** piety under the Shining One
  6348 | D:8      | Found a runed translucent door.
  6362 | D:8      | Noticed Klatu's ghost (novice DrTm)
  6365 | D:8      | Identified the cursed +3 trident of Roan {freeze, *Noise
                  | Int+4}
  6387 | D:8      | Reached XP level 10. HP: 75/76 MP: 10/10
  6516 | D:8      | Reached skill level 10 in Long Blades
  6913 | D:8      | Noticed Erica
  6915 | D:8      | Noticed Harold
  6991 | D:7      | Killed Erica
  6991 | D:7      | Cast into level 2 of the Abyss (Harold)
  6992 | Abyss:2  | Reached skill level 11 in Long Blades
  7037 | Abyss:2  | Noticed a smoke demon
  7045 | Abyss:2  | Noticed a bone dragon
  7045 | Abyss:2  | Reached **** piety under the Shining One
  7046 | Abyss:2  | Noticed a sixfirhy
  7062 | Abyss:2  | HP: 1/76 [sixfirhy (6)]
  7062 | Abyss:2  | Mangled by a sixfirhy

Illustrated notes

Levels and vault maps discovered:
D:1:      eino_arrival_druids_welcome, layout_basic, feat_on_display
D:2:      layout_basic, lemuel_round_altar, minmay_heptomino_o4
D:3:      layout_basic, grunt_temple_overflow_forces_of_nature,
          minmay_goblin_outpost
D:4:      layout_loops_corners, nicolae_overflow_hidden_temple, temple_hall,
          gammafunk_ghost_stat_death, minmay_strange_pillars,
          cheibrodos_gnoll_hut
D:5:      layout_loops_ring, uniq_edmund
D:6:      layout_basic, nicolae_dithmenos_shadow_blocks
D:7:      layout_rooms, old_standard_altar, basic_altar, lemuel_centaur_altar
D:8:      layout_basic, ebering_ghost_funeral_grove, uniq_harold, uniq_erica
Abyss:2:  base: D:5, hangedman_relentless_pull, hangedman_classic_abyss_death

Skill      XL: |  1  2  3  4  5  6  7  8  9 10 |
---------------+-------------------------------+-----
Long Blades    | 3 4 5 6 7 9 11 | 11.1
Stealth        | 1 |  1.1
Fighting       | 4 5 6 |  6.0
Shields        | 4 5 6 |  6.3
Armour         | 4 5 7 8 |  8.5
Dodging        | |  0.4

Action                   |  1- 3 |  4- 6 |  7- 9 | 10-12 || total
-------------------------+-------+-------+-------+-------++-------
Melee: Long sword        |   114 |   182 |   250 |   120 ||   666
Throw: Dart              |       |     8 |    19 |     6 ||    33
 Abil: Dig               |       |     1 |       |       ||     1
Armor: Scale mail        |    39 |    50 |    34 |       ||   123
       Plate armour      |       |       |    60 |    35 ||    95
Dodge: Dodged            |    31 |    62 |    63 |    31 ||   187
       Repelled          |       |     1 |     2 |       ||     3
Block: Kite shield       |    61 |    90 |   144 |    64 ||   359
       Rpst.: Long sword |     6 |    21 |     9 |     8 ||    44
